PAAA
ROYSE CITY TARGARYENS @ BANGOR TRIDENT BASE OGRES
08/20/2024
 
TOP OF THE 1ST
Royse City Targaryens batting - Pitching for Bangor Trident Base Ogres : RHP Henry Yates
Pitching: RHP Henry Yates
Batting: LHB Shang-de Zhang 0-0: Called Strike
0-1: Called Strike
0-2: Strikes out swinging
Batting: SHB Mitch Qualtrough 0-0: Swinging Strike
0-1: SINGLE (Groundball, 34D) (infield hit)
Batting: LHB Jorge Garza 0-0: Ball
Mitch Qualtrough steals 2nd base
1-0: Called Strike
1-1: Foul Ball, location: 2F
1-2: Strikes out swinging
Batting: LHB Carlos Álvarez 0-0: Ball
1-0: Ball
2-0: Fly out, F8 (Flyball, 89XD)
Top of the 1st over - 0 run(s), 1 hit(s), 0 error(s), 1 left on base; Royse City 0 - Bangor Trident Base 0
BOTTOM OF THE 1ST
Bangor Trident Base Ogres batting - Pitching for Royse City Targaryens : LHP Manuel Franco
Pitching: LHP Manuel Franco
Batting: RHB Matías Torrella 0-0: Ball
1-0: Ground out 4-3 (Groundball, 4)
Batting: RHB Tom Baker 0-0: Ball
1-0: Ball
2-0: Called Strike
2-1: Ball
3-1: Base on Balls
Batting: RHB Augusto Rocha 0-0: Ball
1-0: Ball
2-0: Foul Ball, location: 2F
2-1: Called Strike
2-2: Fielders Choice at 2nd, 1-6 (Groundball, 13S)
Batting: LHB Ned Durand 0-0: Called Strike
0-1: Ball
1-1: Foul Ball, location: 2F
1-2: Ball
2-2: Ground out 4-3 (Groundball, 4MS)
Bottom of the 1st over - 0 run(s), 0 hit(s), 0 error(s), 1 left on base; Royse City 0 - Bangor Trident Base 0
TOP OF THE 2ND
Royse City Targaryens batting - Pitching for Bangor Trident Base Ogres : RHP Henry Yates
Batting: LHB Jerry Wilson 0-0: Foul Ball, location: 2F
0-1: Called Strike
0-2: SINGLE (Groundball, 4MD)
Batting: LHB Aurelio Aurillo 0-0: Foul Ball, location: 2F
0-1: Ball
1-1: Ball
2-1: Ball
3-1: Called Strike
3-2: Foul Ball, location: 2F
3-2: Fly out, F9 (Flyball, 9LD)
Batting: LHB José Tamayo 0-0: Ball
1-0: Called Strike
1-1: Foul Ball, location: 2F
1-2: Foul Ball, location: 2F
1-2: Foul Ball, location: 2F
1-2: Ball
2-2: Ball
3-2: Fielders Choice at 2nd, U4 (Groundball, 4)
Batting: RHB Ed Hopkins 0-0: Ball
1-0: Ball
2-0: Called Strike
2-1: Ball
3-1: Base on Balls
José Tamayo to second
Batting: RHB Héctor Ruíz 0-0: Called Strike
0-1: Ball
1-1: Ball
2-1: Swinging Strike
2-2: Foul Ball, location: 2F
2-2: Ball
3-2: Foul Ball, location: 2F
3-2: Base on Balls
José Tamayo to third
Ed Hopkins to second
Batting: LHB Shang-de Zhang 0-0: Ball
1-0: Ball
2-0: Called Strike
2-1: Swinging Strike
2-2: Ball
3-2: Foul Ball, location: 2F
3-2: Strikes out looking
Top of the 2nd over - 0 run(s), 1 hit(s), 0 error(s), 3 left on base; Royse City 0 - Bangor Trident Base 0
BOTTOM OF THE 2ND
Bangor Trident Base Ogres batting - Pitching for Royse City Targaryens : LHP Manuel Franco
Batting: RHB Gerardo Castillo 0-0: Called Strike
0-1: Foul Ball, location: 2F
0-2: Foul Ball, location: 2F
0-2: Ball
1-2: Ball
2-2: Ball
3-2: Foul Ball, location: 2F
3-2: Strikes out looking
Batting: RHB Hubert Dodson 0-0: Ball
1-0: Foul Ball, location: 2F
1-1: Ball
2-1: Ball
3-1: Foul Ball, location: 2F
3-2: Base on Balls
Batting: RHB Joe Runyon 0-0: Called Strike
0-1: Foul Ball, location: 2F
0-2: Strikes out looking
Batting: LHB Geoff Tucker 0-0: Ball
1-0: Called Strike
1-1: Fielders Choice at 2nd, 6-4 (Groundball, 6)
Bottom of the 2nd over - 0 run(s), 0 hit(s), 0 error(s), 0 left on base; Royse City 0 - Bangor Trident Base 0
TOP OF THE 3RD
Royse City Targaryens batting - Pitching for Bangor Trident Base Ogres : RHP Henry Yates
Batting: SHB Mitch Qualtrough 0-0: Called Strike
0-1: Foul Ball, location: 2F
0-2: Ball
1-2: Ball
2-2: Ball
3-2: Foul Ball, location: 2F
3-2: SINGLE (Groundball, 34D)
Batting: LHB Jorge Garza 0-0: Ball
Mitch Qualtrough steals 2nd base
1-0: Called Strike
1-1: Foul Ball, location: 2F
1-2: Strikes out swinging
Batting: LHB Carlos Álvarez 0-0: Ball
Mitch Qualtrough is caught stealing 3rd base
1-0: Swinging Strike
1-1: Ball
2-1: Ball
3-1: Base on Balls
Batting: LHB Jerry Wilson 0-0: Ground out 4-3 (Groundball, 4)
Top of the 3rd over - 0 run(s), 1 hit(s), 0 error(s), 1 left on base; Royse City 0 - Bangor Trident Base 0
BOTTOM OF THE 3RD
Bangor Trident Base Ogres batting - Pitching for Royse City Targaryens : LHP Manuel Franco
Batting: SHB Bill Becker 0-0: Ball
1-0: Called Strike
1-1: Ball
2-1: Ball
3-1: Ground out 6-3 (Groundball, 6)
Batting: RHB Matías Torrella 0-0: Ball
1-0: Reached on error, E6 (Groundball, 6)
Batting: RHB Tom Baker 0-0: Ground out 5-3 (Groundball, 56)
Batting: RHB Augusto Rocha 0-0: Ball
1-0: Called Strike
1-1: Called Strike
1-2: Foul Ball, location: 2F
1-2: SINGLE (Groundball, 56D)
Matías Torrella to third
Runner from 3rd tries for Home, throw and OUT!
Bottom of the 3rd over - 0 run(s), 1 hit(s), 1 error(s), 1 left on base; Royse City 0 - Bangor Trident Base 0
TOP OF THE 4TH
Royse City Targaryens batting - Pitching for Bangor Trident Base Ogres : RHP Henry Yates
Batting: LHB Aurelio Aurillo 0-0: Ball
1-0: Ball
2-0: Ball
3-0: Base on Balls
Batting: LHB José Tamayo 0-0: Ball
1-0: Foul Ball, location: 2F
1-1: Fly out, F7 (Flyball, 7LM)
Batting: RHB Ed Hopkins 0-0: Foul Ball, location: 2F
0-1: Swinging Strike
0-2: Strikes out looking
Batting: RHB Héctor Ruíz 0-0: Foul Ball, location: 2F
0-1: Ball
1-1: Ball
2-1: Fly out, F9 (Flyball, 9M)
Top of the 4th over - 0 run(s), 0 hit(s), 0 error(s), 1 left on base; Royse City 0 - Bangor Trident Base 0
BOTTOM OF THE 4TH
Bangor Trident Base Ogres batting - Pitching for Royse City Targaryens : LHP Manuel Franco
Batting: LHB Ned Durand 0-0: Ball
1-0: Foul Ball, location: 2F
1-1: Ball
2-1: Ball
3-1: SOLO HOME RUN (Flyball, 9LD), Distance : 351 ft
Batting: RHB Gerardo Castillo 0-0: Swinging Strike
0-1: Ball
1-1: Ball
2-1: Swinging Strike
2-2: Strikes out swinging
Batting: RHB Hubert Dodson 0-0: Ball
1-0: Ball
2-0: Ball
3-0: Base on Balls
Batting: RHB Joe Runyon 0-0: Ball
1-0: Grounds into double play, 6-4-3 (Groundball, 6)
Bottom of the 4th over - 1 run(s), 1 hit(s), 0 error(s), 0 left on base; Royse City 0 - Bangor Trident Base 1
TOP OF THE 5TH
Royse City Targaryens batting - Pitching for Bangor Trident Base Ogres : RHP Henry Yates
Batting: LHB Shang-de Zhang 0-0: Called Strike
0-1: Foul Ball, location: 2F
0-2: Ball
1-2: Strikes out looking
Batting: SHB Mitch Qualtrough 0-0: Called Strike
0-1: Foul Ball, location: 2F
0-2: TRIPLE (Line Drive, 8RS)
Pitching: RHP Rubén Sánchez
Batting: LHB Jorge Garza 0-0: Called Strike
0-1: Swinging Strike
0-2: Ball
1-2: Strikes out looking
Batting: LHB Carlos Álvarez 0-0: Ball
1-0: Called Strike
1-1: Ball
2-1: Fly out, F8 (Flyball, 8LD)
Top of the 5th over - 0 run(s), 1 hit(s), 0 error(s), 1 left on base; Royse City 0 - Bangor Trident Base 1
BOTTOM OF THE 5TH
Bangor Trident Base Ogres batting - Pitching for Royse City Targaryens : LHP Manuel Franco
Batting: LHB Geoff Tucker 0-0: Foul Ball, location: 2F
0-1: Foul Ball, location: 2F
0-2: Ball
1-2: Fly out, F7 (Flyball, 78D)
Batting: SHB Bill Becker 0-0: Ball
1-0: Called Strike
1-1: Ground out 6-3 (Groundball, 6)
Batting: RHB Matías Torrella 0-0: Ball
1-0: Ball
2-0: Called Strike
2-1: SINGLE (Groundball, 6D)
Batting: RHB Tom Baker 0-0: Ball
1-0: Called Strike
1-1: Ball
2-1: Fly out, F7 (Flyball, 78M)
Bottom of the 5th over - 0 run(s), 1 hit(s), 0 error(s), 1 left on base; Royse City 0 - Bangor Trident Base 1
TOP OF THE 6TH
Royse City Targaryens batting - Pitching for Bangor Trident Base Ogres : RHP Rubén Sánchez
Batting: LHB Jerry Wilson 0-0: Foul Ball, location: 2F
0-1: Fly out, F6 (Popup, 6)
Batting: LHB Aurelio Aurillo 0-0: Ball
1-0: Ball
2-0: Foul Ball, location: 2F
2-1: Foul Ball, location: 2F
2-2: Foul Ball, location: 2F
2-2: Foul Ball, location: 2F
2-2: SOLO HOME RUN (Line Drive, 89XD), Distance : 412 ft
Batting: LHB José Tamayo 0-0: Called Strike
0-1: Ball
1-1: Ball
2-1: Ball
3-1: Ground out 1-3 (Groundball, 15)
Batting: RHB Ed Hopkins 0-0: Ball
1-0: Foul Ball, location: 2F
1-1: Ball
2-1: Fly out, F3 (Popup, 3L)
Top of the 6th over - 1 run(s), 1 hit(s), 0 error(s), 0 left on base; Royse City 1 - Bangor Trident Base 1
BOTTOM OF THE 6TH
Bangor Trident Base Ogres batting - Pitching for Royse City Targaryens : LHP Manuel Franco
Batting: RHB Augusto Rocha 0-0: Ball
1-0: Ground out 6-3 (Groundball, 6)
Batting: LHB Ned Durand 0-0: SINGLE (Line Drive, 9S)
Batting: RHB Gerardo Castillo 0-0: Called Strike
Pickoff Throw to First - Error! E1
Ned Durand to second
0-1: Called Strike
0-2: Ball
1-2: Foul Ball, location: 2F
1-2: Ball
2-2: Ball
3-2: Foul Ball, location: 2F
3-2: Ground out 6-3 (Groundball, 6M)
Ned Durand to third
Batting: RHB Hubert Dodson 0-0: Called Strike
0-1: Ground out 1-3 (Groundball, 15)
Bottom of the 6th over - 0 run(s), 1 hit(s), 1 error(s), 1 left on base; Royse City 1 - Bangor Trident Base 1
TOP OF THE 7TH
Royse City Targaryens batting - Pitching for Bangor Trident Base Ogres : RHP Rubén Sánchez
Pinch Hitting: LHB Carl Duncan 0-0: Foul Ball, location: 2F
0-1: Called Strike
0-2: SINGLE (Groundball, 4M)
Batting: LHB Shang-de Zhang 0-0: Called Strike
0-1: Ball
1-1: Bunted foul
1-2: Ball
2-2: Ball
3-2: Fly out, F9 (Line Drive, 89M)
Batting: SHB Mitch Qualtrough 0-0: Called Strike
0-1: Ball
1-1: Called Strike
1-2: Foul Ball, location: 2F
1-2: Strikes out swinging
Batting: LHB Jorge Garza 0-0: Called Strike
0-1: Foul Ball, location: 2F
0-2: Strikes out swinging
Top of the 7th over - 0 run(s), 1 hit(s), 0 error(s), 1 left on base; Royse City 1 - Bangor Trident Base 1
BOTTOM OF THE 7TH
Bangor Trident Base Ogres batting - Pitching for Royse City Targaryens : LHP Manuel Franco
Now in CF: Evan Nelson
Batting: RHB Joe Runyon 0-0: Foul Ball, location: 2F
0-1: Swinging Strike
0-2: Ball
1-2: DOUBLE (Line Drive, 78M)
Pinch Hitting: RHB Sang-yeon Kim 0-0: Intentional Walk
Batting: SHB Bill Becker 0-0: Sac Bunt - play at first, batter OUT! U3
Joe Runyon to third
Sang-yeon Kim to second
Batting: RHB Matías Torrella 0-0: Foul Ball, location: 2F
0-1: Ball
1-1: Ball
2-1: Fly out, F9 (Flyball, 89M)
Runner from 3rd tags up, SCORES, throw made
Pitching: RHP Ryan Bentley
Pinch Hitting: SHB Jim Unknown 0-0: SINGLE (Line Drive, 89S)
Sang-yeon Kim to third
Batting: RHB Augusto Rocha 0-0: Ball
1-0: Ball
2-0: Called Strike
2-1: Foul Ball, location: 2F
2-2: SINGLE (Groundball, 6MD)
Sang-yeon Kim scores
Jim Unknown to second
Runner from 2nd tries for 3rd, SAFE, throw made to third
Batting: LHB Ned Durand 0-0: Ball
1-0: SINGLE (Line Drive, 4MD)
Jim Unknown scores
Augusto Rocha to second
Batting: RHB Gerardo Castillo 0-0: Swinging Strike
0-1: Ball
1-1: Called Strike
1-2: DOUBLE (Line Drive, 89M)
Augusto Rocha scores
Ned Durand to third
Runner from 3rd tries for Home, SAFE, throw made home
Pitching: RHP Gabriel Rodríguez
Batting: RHB Hubert Dodson 0-0: Ground out U3 (Groundball, 3)
Bottom of the 7th over - 5 run(s), 5 hit(s), 0 error(s), 1 left on base; Royse City 1 - Bangor Trident Base 6
TOP OF THE 8TH
Royse City Targaryens batting - Pitching for Bangor Trident Base Ogres : RHP Rubén Sánchez
Now at 3B: Kent Roberts
Now in RF: Jim Unknown
Batting: LHB Carlos Álvarez 0-0: Called Strike
0-1: SINGLE (Groundball, 34D)
Batting: LHB Jerry Wilson 0-0: Called Strike
0-1: Ball
1-1: Called Strike
1-2: Foul Ball, location: 2F
1-2: Foul Ball, location: 2F
1-2: Strikes out swinging
Pitching: LHP Orlando Martínez
Batting: LHB Aurelio Aurillo 0-0: Ball
1-0: Called Strike
1-1: Called Strike
1-2: Ball
2-2: Strikes out looking
Batting: LHB José Tamayo 0-0: Reached on Error, E7 (Flyball, 7M)
Carlos Álvarez to third
Batting: RHB Ed Hopkins 0-0: Fly out, F9 (Flyball, 89D)
Top of the 8th over - 0 run(s), 1 hit(s), 1 error(s), 2 left on base; Royse City 1 - Bangor Trident Base 6
BOTTOM OF THE 8TH
Bangor Trident Base Ogres batting - Pitching for Royse City Targaryens : RHP Gabriel Rodríguez
Batting: RHB Joe Runyon 0-0: Ball
1-0: Ball
2-0: Called Strike
2-1: Foul Ball, location: 2F
2-2: Ground out 5-3 (Groundball, 56S)
Batting: LHB Kent Roberts 0-0: Ball
1-0: Called Strike
1-1: Ground out 3-1 (Groundball, 34)
Batting: SHB Bill Becker 0-0: Ball
1-0: Foul Ball, location: 2F
1-1: Ball
2-1: Ball
3-1: Foul Ball, location: 2F
3-2: DOUBLE (Flyball, 89XD)
Batting: RHB Matías Torrella 0-0: Called Strike
0-1: Ball
1-1: Called Strike
1-2: Strikes out swinging
Bottom of the 8th over - 0 run(s), 1 hit(s), 0 error(s), 1 left on base; Royse City 1 - Bangor Trident Base 6
TOP OF THE 9TH
Royse City Targaryens batting - Pitching for Bangor Trident Base Ogres : LHP Orlando Martínez
Batting: LHB Evan Nelson 0-0: Called Strike
0-1: Ball
1-1: SINGLE (Line Drive, 6D)
Batting: LHB Shang-de Zhang 0-0: Called Strike
0-1: Grounds into double play, 3-6-1 (Groundball, 3)
Batting: SHB Mitch Qualtrough 0-0: Called Strike
0-1: Ball
1-1: Swinging Strike
1-2: SINGLE (Line Drive, 8LS)
Batting: LHB Jorge Garza 0-0: Called Strike
0-1: Foul Ball, location: 2F
0-2: Ball
1-2: Foul Ball, location: 2F
1-2: Foul Ball, location: 2F
1-2: Ball
2-2: SINGLE (Groundball, 34D)
Mitch Qualtrough to second
Runner from 2nd tries for 3rd, SAFE, throw made to third
Batting: LHB Carlos Álvarez 0-0: Ball
1-0: Foul Ball, location: 2F
1-1: Called Strike
1-2: Ball
2-2: Strikes out swinging
Top of the 9th over - 0 run(s), 3 hit(s), 0 error(s), 2 left on base; Royse City 1 - Bangor Trident Base 6
This league is powered by Out of the Park Baseball, the baseball management simulation game for PC, Mac and Linux
Monday, October 3rd, 2016 - OOTP Baseball 16.9 Build 39